 Dungeon Crawl Stone Soup version 0.27.1-33-g824d729ab1 (webtiles) character file.

Game seed: 11870318820644199800

544 ces the Covert (level 7, 0/33 HPs)
             Began as a Spriggan Hunter on Nov 30, 2021.
             Killed by divine providence
             ... invoked by an orc priest
              (13 damage)
             ... on level 4 of the Dungeon.
             The game lasted 00:06:52 (3975 turns).

ces the Covert (Spriggan Hunter)                    Turns: 3975, Time: 00:06:53

Health: 0/33       AC:  3    Str:  8    XL:     7   Next: 6%
Magic:  8/8        EV: 17    Int: 13    God:
Gold:   79         SH:  0    Dex: 17    Spells: 6/6 levels left

rFire    . . .     SeeInvis +   a - +1 hand crossbow
rCold    . . .     Faith    .   (shield restricted)
rNeg     . . .     Spirit   .   c - +1 robe
rPois    .         Reflect  .   (helmet restricted)
rElec    .         Harm     .   (no cloak)
rCorr    .         Rampage  .   (gloves unavailable)
Will     +....                  (boots unavailable)
Stlth    ++++......             (no amulet)
HPRegen  0.11/turn              (no ring)
MPRegen  0.11/turn              (no ring)

@: very quick
A: very small, no large weapons, unfitting armour, see invisible, speed 3
a: no special abilities


You were on level 4 of the Dungeon.
You visited 1 branch of the dungeon, and saw 4 of its levels.

You collected 79 gold pieces.

Inventory:

Hand Weapons
 a - a +1 hand crossbow (weapon)
 b - a +2 short sword of holy wrath
Missiles
 d - 18 bolts (quivered ammo)
Armour
 c - a +1 robe (worn)
Scrolls
 f - 4 scrolls of immolation {unknown}
 g - a scroll of noise {unknown}
 h - a scroll of magic mapping
 i - a scroll of blinking
Potions
 e - a potion of magic
 j - 2 potions of heal wounds
 k - 2 potions of attraction


   Skills:
 - Level 1.5 Fighting
 + Level 5.8 Crossbows
 - Level 2.6 Dodging
 * Level 9.7 Stealth


You had 6 spell levels left.
You didn't know any spells.
Your spell library was empty.

Dungeon Overview and Level Annotations

Branches:
Dungeon (4/15)
 Temple: D:4-7

Altars:
Hepliaklqana
Xom

Shops:
D:1 =   D:4 :


Innate Abilities, Weirdness & Mutations

You are very small and have problems with some larger weapons.
You are too small for most types of armour.
You have supernaturally acute eyesight. (SInv)
You cover ground extremely quickly. (Speed+++)


Message History

d - 22 bolts (gained 3)
An orc comes into view. It is wielding a +0 whip.
An orc is nearby!
An orc is nearby!
An orc is nearby!
An orc warrior comes into view. It is wielding a +0 mace.
An orc priest comes into view. It is wielding a +0 mace.
The orc warrior shouts!
The orc shouts!
The orc priest shouts!
An orc comes into view. It is wielding a +0 whip.
The orc shouts!
You hit the orc.
The orc is heavily wounded.
The orc misses you.
You hit the orc.
You kill the orc!
The orc warrior hits you with a +0 mace!
You see here a +0 whip.
Your +2 short sword of holy wrath stops glowing.
a - a +1 hand crossbow (weapon)
You shoot a bolt. The bolt barely misses the orc warrior.
The bolt hits the orc priest but does no damage.
You shoot a bolt.
The bolt hits the orc warrior but does no damage.
You shoot a bolt.
The bolt closely misses the orc warrior.
The bolt hits the orc priest!
The orc priest is almost dead.
The orc priest mumbles some strange prayers to Beogh against you.
Beogh smites you!
You are too injured to fight recklessly!
You see here a +0 giant club.
You are too injured to fight recklessly!
Fire: 19 bolts
Press: ? - help, Q - select action Shift-Dir - straight line, f/p - orc warrior
Aim: an orc warrior, wielding a +0 mace and wearing a +0 chain mail (63% to hit)
You shoot a bolt. The bolt hits the orc warrior.
The orc warrior is lightly wounded.
The orc priest invokes the aid of Beogh against you.
Beogh smites you!
You die...

#################################
.(...(o..o.(o.).@................
.############.###############.###
.# #.# #.# o# #.# #.# o# #.# #.#
.# #.# #.# o# #†# #.# .# #.# #.#
.# #.# #.#


You could see an orc warrior and an orc priest.

Vanquished Creatures
  4 ogres (D:4)
  An iguana (D:4)
  A hound skeleton (D:4)
  A howler monkey skeleton (D:4)
  6 adders
  An ufetubus (D:4)
  A worm (D:4)
  A dart slug (D:1)
  2 orcs
  8 endoplasms
  6 giant cockroaches
  8 goblins
  4 hobgoblins
  8 jackals
  3 quokkas
  12 ball pythons
  4 bats
  2 frilled lizards
  12 kobolds
  3 rats
88 creatures vanquished.

Vanquished Creatures (others)
  5 fungi (D:1)
  A plant (D:1)
6 creatures vanquished.

Grand Total: 94 creatures vanquished

Notes
Turn   | Place    | Note
-------+----------+-------------------------------------------
     0 | D:1      | ces the Spriggan Hunter began the quest for the Orb.
     0 | D:1      | Reached XP level 1. HP: 10/10 MP: 2/2
   293 | D:1      | Reached skill level 2 in Stealth
   332 | D:1      | Reached XP level 2. HP: 14/14 MP: 3/3
   377 | D:1      | Reached skill level 3 in Stealth
   762 | D:1      | Reached skill level 4 in Stealth
   767 | D:1      | Found Xocob's Jewellery Shoppe.
   790 | D:1      | Reached XP level 3. HP: 17/18 MP: 4/4
   917 | D:1      | Found a faded altar of an unknown god.
  1284 | D:2      | Reached skill level 5 in Stealth
  1311 | D:2      | Reached XP level 4. HP: 22/22 MP: 5/5
  2702 | D:3      | Reached skill level 6 in Stealth
  2931 | D:3      | Found a hazy altar of Hepliaklqana.
  2932 | D:3      | Found a shimmering altar of Xom.
  2933 | D:3      | Noticed a spectral ugly thing
  3194 | D:4      | Noticed an ogre
  3236 | D:4      | Killed an ogre
  3237 | D:4      | Reached skill level 5 in Crossbows
  3237 | D:4      | Reached skill level 7 in Stealth
  3237 | D:4      | Reached XP level 5. HP: 25/25 MP: 6/6
  3351 | D:4      | Found Uwanoc's Book Emporium.
  3437 | D:4      | Noticed an ogre
  3485 | D:4      | Noticed an ogre
  3531 | D:4      | Killed an ogre
  3532 | D:4      | Reached skill level 8 in Stealth
  3532 | D:4      | Reached XP level 6. HP: 19/30 MP: 7/7
  3672 | D:4      | Reached skill level 9 in Stealth
  3915 | D:4      | Reached XP level 7. HP: 33/33 MP: 8/8
  3975 | D:4      | Killed from afar by an orc priest

Illustrated notes

Levels and vault maps discovered:
D:1:      zaba_arrival_water, layout_basic, serial_shops, shop,
          shapermc_ecumenical_altar_hornbeckon
D:2:      layout_basic, minmay_ruptured
D:3:      layout_loops_ring, regret_index_temple_of_mockery,
          minmay_strange_pillars, kennysheep_generic_room_16
D:4:      layout_basic, serial_shops, nicolae_shop_crystal, minmay_quantized

Skill      XL: |  1  2  3  4  5  6 |
---------------+-------------------+-----
Stealth        | 2 4 5 7 8 9 |  9.7
Crossbows      | 5 |  5.8
Fighting       | |  1.5
Dodging        | |  2.6

Action                   |  1- 3 |  4- 6 |  7- 9 || total
-------------------------+-------+-------+-------++-------
Melee: Short sword       |     7 |    22 |     7 ||    36
 Fire: Hand crossbow     |    79 |   118 |     4 ||   201
  Use: Scroll            |       |     7 |       ||     7
 Stab: Sleeping          |     2 |     3 |       ||     5
Armor: Robe              |     4 |     5 |     1 ||    10
Dodge: Dodged            |    35 |    62 |     4 ||   101
